 Dungeon Crawl Stone Soup version 0.26-a0-112-g824cf5a (webtiles) character file.

Game seed: 7186025388446015843

168 thiefwriter the Poker (level 5, -2/39 HPs)
             Began as a Human Gladiator on June 25, 2020.
             Slain by a leopard gecko (4 damage)
             ... on level 3 of the Dungeon on Nov 5, 2020.
             The game lasted 00:10:38 (3552 turns).

thiefwriter the Poker (Human Gladiator)             Turns: 3552, Time: 00:10:38

Health: -2/39      AC:  4    Str: 15      XL:     5   Next: 78%
Magic:  5/5        EV: 13    Int:  5 (8)  God:
Gold:   137        SH:  0    Dex: 14 (15) Spells: 4/4 levels left

rFire    . . .     SeeInvis .   a - +0 trident
rCold    . . .     Faith    .   (no shield)
rNeg     . . .     Spirit   .   b - +0 leather armour
rPois    +         Reflect  .   c - +0 helmet
rElec    .         Harm     .   (no cloak)
rCorr    .                      (no gloves)
MR       .....                  (no boots)
Stlth    +.........             (no amulet)
HPRegen  0.13/turn              l - ring of poison resistance
MPRegen  0.09/turn              (no ring)

@: no status effects
A: mutation resistance 1
a: no special abilities


You were on level 3 of the Dungeon.
You were not hungry.

You visited 1 branch of the dungeon, and saw 3 of its levels.

You collected 137 gold pieces.

Inventory:

Hand Weapons
 a - a +0 trident (weapon)
 k - a +0 spear
Missiles
 d - 4 throwing nets (quivered)
 f - 6 poisoned darts
Armour
 b - a +0 leather armour (worn)
 c - a +0 helmet (worn)
 q - a +0 plate armour
Jewellery
 l - a ring of poison resistance (left hand)
 t - an uncursed ring of positive energy
Scrolls
 h - 4 scrolls of remove curse
 j - 5 scrolls of teleportation
 u - a scroll of amnesia
Comestibles
 s - a ration


   Skills:
 + Level 2.6 Fighting
 + Level 4.6 Polearms
 + Level 2.1 Throwing
 + Level 1.3 Armour
 + Level 3.9 Dodging
 + Level 0.6 Stealth


You had 4 spell levels left.
You didn't know any spells.
Your spell library was empty.

Dungeon Overview and Level Annotations

Branches:
Dungeon (3/15)

Altars:


Innate Abilities, Weirdness & Mutations

You are somewhat resistant to further mutation.


Message History

The leopard gecko barely misses you. The leopard gecko bites you.
* * * LOW HITPOINT WARNING * * *
The leopard gecko misses you.
The leopard gecko bites you but does no damage.
The leopard gecko closely misses you. The leopard gecko closely misses you.
The leopard gecko misses you. The leopard gecko barely misses you.
The leopard gecko misses you. The leopard gecko closely misses you.
The leopard gecko bites you but does no damage.
The leopard gecko bites you.
* * * LOW HITPOINT WARNING * * *
The leopard gecko misses you. The leopard gecko bites you.
* * * LOW HITPOINT WARNING * * *
The leopard gecko misses you.
The leopard gecko bites you but does no damage.
The leopard gecko barely misses you. The leopard gecko closely misses you.
The leopard gecko barely misses you. The leopard gecko bites you.
You die...

...#######
...##....#######
................
......##.######
...####....### #
#### #......# .#
#.##...######..#
#.##...##......#..
#..'.(.'..@l....%.
####...##......##.
#...##......#
#...##......#
######......#
#......# #......#
#.......


You could see a leopard gecko.

Vanquished Creatures
  3 orc wizards (D:3)
  A hound skeleton (D:2)
  A gnoll (D:1)
  An adder (D:2)
  2 worms (D:2)
  A dart slug (D:1)
  A leopard gecko (D:2)
  2 orcs (D:3)
  6 giant cockroaches
  4 hobgoblins
  3 ball pythons
  9 bats
  5 frilled lizards
  4 goblins
  8 kobolds
  6 rats
57 creatures vanquished.

Notes
Turn   | Place    | Note
-------+----------+-------------------------------------------
     0 | D:1      | thiefwriter the Human Gladiator began the quest for the
                  | Orb.
     0 | D:1      | Reached XP level 1. HP: 16/16 MP: 1/1
   219 | D:1      | Reached XP level 2. HP: 4/22 MP: 2/2
   749 | D:1      | Reached XP level 3. HP: 27/27 MP: 3/3
  1720 | D:2      | Reached XP level 4. HP: 18/33 MP: 4/4
  2474 | D:2      | Reached skill level 4 in Polearms
  2744 | D:2      | Found a faded altar of an unknown god.
  3139 | D:3      | HP: 1/34 [orc wizard/puff of flame (6)]
  3144 | D:3      | Gained mutation: You are somewhat resistant to further
                  | mutation. [potion of mutation]
  3150 | D:3      | Reached skill level 1 in Armour
  3150 | D:3      | Reached XP level 5. HP: 39/39 MP: 5/5
  3547 | D:3      | HP: 1/39 [leopard gecko (3)]
  3552 | D:3      | Slain by a leopard gecko

Illustrated notes

Levels and vault maps discovered:
D:1:      minmay_arrival_loop, layout_loops_ring
D:2:      layout_loops_cross, chequers_ecumenical_altar_grove, first_ration,
          kennysheep_minor_cross, minmay_randomly_rotated_circles
D:3:      layout_basic, yredelemnul_forgotten_temple_becter,
          minmay_quadrilaterals

Skill      XL: |  1  2  3  4 |
---------------+-------------+-----
Polearms       | 4 |  4.6
Armour         | 1 |  1.3
Fighting       | |  2.6
Throwing       | |  2.1
Dodging        | |  3.9
Stealth        | |  0.6

Action                   |  1- 3 |  4- 6 || total
-------------------------+-------+-------++-------
Melee: Trident           |    91 |   105 ||   196
  Use: Scroll            |     1 |     3 ||     4
       Potion            |       |     7 ||     7
 Stab: Sleeping          |     1 |       ||     1
  Eat: Ration            |     1 |     1 ||     2
       Chunk             |       |     2 ||     2
Armor: Leather armour    |    35 |    43 ||    78
       Skin              |       |    13 ||    13
Dodge: Dodged            |    80 |   111 ||   191

Table legend:
 A = Non-vault XP
 B = Vault XP
 C = Vault XP percentage of total XP
 D = Non-vault monster count
 E = Vault monster count
 F = Vault count percentage of total count
                 A         B        C        D         E       F
            +---------+---------+-------+---------+---------+-------
      Total |     231 |      10 |   4.1 |      51 |       6 |  10.5
            +---------+---------+-------+---------+---------+-------
        D:1 |      50 |       0 |   0.0 |      25 |       0 |   0.0
        D:2 |      67 |      10 |  13.0 |      21 |       6 |  22.2
        D:3 |     114 |       0 |   0.0 |       5 |       0 |   0.0
            +---------+---------+-------+---------+---------+-------
